 Dungeon Crawl Stone Soup version 0.29-a0-582-ge82337ba6a (webtiles) character file.

Game seed: 11062713581809553870

25 dolemite99 the Conjurer (level 2, -4/15 HPs)
             Began as a Deep Elf Conjurer on June 15, 2022.
             Slain by a gnoll
             ... wielding a +0 flail
              (9 damage)
             ... on level 1 of the Dungeon.
             The game lasted 00:01:19 (980 turns).

dolemite99 the Conjurer (Deep Elf Conjurer)          Turns: 980, Time: 00:01:20

Health: -4/15      AC:  2    Str:  4    XL:     2   Next: 86%
Magic:  4/8        EV: 12    Int: 22    God:
Gold:   18         SH:  0    Dex: 13    Spells: 4/7 levels left

rFire   . . .      SeeInvis .   f - +0 hand axe
rCold   . . .      Faith    .   (no shield)
rNeg    . . .      Spirit   .   a - +0 robe
rPois   .          Reflect  .   (no helmet)
rElec   .          Harm     .   (no cloak)
rCorr   +          Rampage  .   (no gloves)
Will    .....                   (no boots)
Stlth   ++........              (no amulet)
HPRegen 0.05/turn               i - ring of resist corrosion
MPRegen 0.11/turn               (no ring)

@: no status effects
A: no striking features
a: no special abilities


You were on level 1 of the Dungeon.
You visited 1 branch of the dungeon, and saw 1 of its levels.

You collected 18 gold pieces.

Inventory:

Hand Weapons
 d - a +0 short sword
 e - a +0 dagger
 f - a +0 hand axe (weapon)
 j - a +0 rapier
Armour
 a - a +0 robe (worn)
Jewellery
 g - a +6 ring of dexterity
 h - an amulet of magic regeneration
 i - a ring of resist corrosion (left hand)
Scrolls
 c - 3 scrolls of amnesia
Potions
 b - a potion of magic


   Skills:
 - Level 2.4 Dodging
 - Level 2.4 Stealth
 - Level 3.0 Spellcasting
 + Level 5.4 Conjurations


You had 4 spell levels left.
You knew the following spells:

 Your Spells              Type           Power      Damage    Failure   Level
a - Magic Dart            Conj           100%       1d8       1%          1
b - Searing Ray           Conj           54%        2d6       1%          2

Your spell library contained the following spells:

 Spells                   Type           Power      Damage    Failure   Level
 Dazzling Flash           Conj/Hex       30%        N/A       12%         3
 Fulminant Prism          Conj/Hex       7%         3d7       38%         4
 Iskenderun's Mystic Bla  Conj/Tloc      15%        2d5       38%         4


Dungeon Overview and Level Annotations

Branches:
Dungeon (1/15)

Altars:


Message History

The ball python barely misses you. The ball python constricts you.
The searing ray hits the ball python!
You kill the ball python!
The searing ray hits the gnoll!
The gnoll is severely wounded.
The searing ray hits the gnoll.
You kill the gnoll!
You finish channelling your searing ray.
You start resting.
Magic restored.
You start resting.
HP restored.
You start waiting.
Done waiting.
You see here a +0 club.
An endoplasm comes into view.
An endoplasm is nearby!
A gnoll comes into view. It is wielding a +0 flail.
The gnoll shouts!
The endoplasm quivers.
You see here 2 scrolls of amnesia.
c - 3 scrolls of amnesia (gained 2)
You see here a +0 club.
Casting: Searing Ray (safe; 1% risk of failure)
Confirm with . or Enter, or press ? or * to list all spells.
Aiming: Searing Ray (safe; 1% risk of failure)
Press: ? - help, Shift-Dir - straight line, f - gnoll
Aim: a gnoll, wielding a +0 flail (82% to hit)
The searing ray hits the endoplasm!
You kill the endoplasm!
The searing ray hits the gnoll.
The gnoll is lightly wounded. (Press . to maintain the ray.)
The searing ray misses the gnoll.
The gnoll hits you with a +0 flail!
Ouch! That really hurt!
The searing ray hits the gnoll.
The gnoll is heavily wounded.
The gnoll hits you with a +0 flail!
Ouch! That really hurt!
You die...

....#........#######
.#..#....##..########
.#..#...............#
....#....##..########
.............#
.#########...#
...#...#...###
.#.#.#.#.#.#######
.#.#.#.#.#.....g@#
.#.#.#.#.#.#######
.#.#.#.#.#.#
.#.#.#.#.#J#
.#.#.#.#.#g####
.#...#...#....#
.#########....#
..............#
..$###.J###...#


You could see a gnoll.

Vanquished Creatures
  A gnoll (D:1)
  2 ball pythons (D:1)
  4 bats (D:1)
  2 endoplasms (D:1)
  2 goblins (D:1)
  A hobgoblin (D:1)
  A kobold (D:1)
  A rat (D:1)
14 creatures vanquished.

Notes
Turn   | Place    | Note
-------+----------+-------------------------------------------
     0 | D:1      | dolemite99 the Deep Elf Conjurer began the quest for the
                  | Orb.
     0 | D:1      | Reached XP level 1. HP: 10/10 MP: 6/6
   477 | D:1      | Reached XP level 2. HP: 13/15 MP: 4/8
   538 | D:1      | Reached skill level 5 in Conjurations
   697 | D:1      | Learned a level 1 spell: Magic Dart
   700 | D:1      | Learned a level 2 spell: Searing Ray
   980 | D:1      | Slain by a gnoll

Illustrated notes

Levels and vault maps discovered:
D:1:      dpeg_arrival_more_subterranean_lakeside_camping, layout_basic,
          minivault_27, grunt_decor_resistance

Skill      XL: |  1  2 |
---------------+-------+-----
Conjurations   | 5 |  5.4
Dodging        | |  2.4
Stealth        | |  2.4
Spellcasting   | |  3.0

Action                   || total
-------------------------++-------
Melee: Hand axe          ||     3
 Cast: Magic Dart        ||    17
       Searing Ray       ||     2
  Use: Scroll            ||     1
Armor: Robe              ||     2
Dodge: Dodged            ||    11

Table legend: (Time is in decaauts)
 A = Elapsed time spent in this place.
 B = Non-inter-level travel time spent in this place.
 C = Inter-level travel time spent in this place.
 D = Time resting spent in this place.
 E = Time spent auto-exploring this place.
 F = Levels seen in this place.
 G = Mean time per level.
                   A        B        C        D        E       F      G
               +--------+--------+--------+--------+--------+-----+--------+
         Total |    978 |    978 |      0 |    468 |    302 |   1 |  978.0 |
       Dungeon |    978 |    978 |      0 |    468 |    302 |   1 |  978.0 |
               +--------+--------+--------+--------+--------+-----+--------+

Top non-repeatable levels by time:
     D:1: 978 daAuts
